 Dungeon Crawl Stone Soup version 0.18.1-2-ga659475 (webtiles) character file.

9351 Implojin the Martial Artist (level 11, 0/89 HPs)
             Began as a Mummy Monk on May 7, 2016.
             Slain by a water moccasin (8 damage)
             ... on level 1 of the Lair of Beasts.
             The game lasted 02:07:16 (32583 turns).

Implojin the Martial Artist (Mummy Monk)           Turns: 32583, Time: 02:07:17

Health: 0/89       AC:  3    Str: 14    XL:     11   Next: 21%
Magic:  11/11      EV:  9    Int: 11    God:
Gold:   465        SH: 14    Dex: 17    Spells: 0 memorised, 10 levels left

rFire  x . .     SeeInvis .       - Unarmed
rCold  + . .     Gourm    .     (no armour)
rNeg   + + +     Faith    .     j - +0 large shield
rPois  ∞         Spirit   .     (no helmet)
rElec  .         Dismiss  .     (no cloak)
rCorr  +         Reflect  .     q - +2 pair of gloves
SustAt .         Harm     .     (no boots)
MR     +....                    (no amulet)
Stlth  +++.......               r - ring of resist corrosion
                                i - ring of stealth

@: very slightly contaminated, somewhat resistant to hostile enchantments,
fairly stealthy
A: no food or potions, fire vulnerability, cold resistance 1, negative energy
resistance 3, torment resistance, unbreathing
a: no special abilities


You were on level 1 of the Lair of Beasts.
You were not hungry.

You visited 2 branches of the dungeon, and saw 12 of its levels.
You also visited: Sewer and Ossuary.

You collected 465 gold pieces.

Inventory:

Armour
 j - a +0 large shield (worn)
 q - a +2 pair of gloves (worn)
Magical Staves
 v - an uncursed staff of air {unknown}
Rods
 A - a +0 rod of clouds (9/9)
   (You found it on level 10 of the Dungeon)
Jewellery
 i - a ring of stealth (left hand)
 r - a ring of resist corrosion (right hand)
Wands
 p - a wand of lightning (4/15)
 s - a wand of confusion (32/48)
 t - a wand of digging (10/24)
 z - a wand of paralysis (8/24)
 B - a wand of acid (7/15)
Scrolls
 c - 2 scrolls of blinking
 d - 7 scrolls of remove curse
 e - 3 scrolls of random uselessness
 f - 3 scrolls of fog
 g - 5 scrolls of immolation
 h - 2 scrolls of amnesia
 k - a scroll of magic mapping
 l - 3 scrolls of noise
 n - 3 scrolls of recharging
 o - a scroll of enchant weapon
 y - 2 scrolls of identify
Books
 m - a book of Party Tricks

   Spells                             Type                      Level
   a - Summon Butterflies             Summoning                    1
   b - Apportation                    Translocation                1
   c - Tukima's Dance                 Hexes                        3
   d - Alistair's Intoxication        Transmutation/Poison         5
   e - Invisibility                   Hexes                        6
Comestibles
 b - 4 bread rations (quivered)
 w - 7 meat rations
 x - 10 royal jellies


   Skills:
 - Level 9.0 Fighting
 * Level 7.9 Dodging
 - Level 1.5 Stealth
 - Level 5.0 Shields
 - Level 10.0 Unarmed Combat


You had 10 spell levels left.
You didn't know any spells.

Dungeon Overview and Level Annotations

Branches:
Dungeon (10/15)              Lair (2/8) D:10
 Temple: D:4-7          Orc: D:9-12

Altars:
Dithmenos
Elyvilon
Kikubaaqudgha
Qazlal
Vehumet
Xom

Annotations:
D:2 !orc warrior stairparked care
D:3 exclusion: 2 upstairs
D:4 exclusion: downstairs
D:5 !sigmund wandering care, Sigmund
D:6 !MiFi ghost, duvessa, dowan, edmund, bunch of shit on stairs care, 4 exclusions, Dowan; Duvessa; Edmund; smilodon's ghost, novice MiFi
D:7 !polar bear + orc wizard wandering, troll stairparked care, exclusion: upstairs
D:8 !polar bear + hill giant wandering care, exclusion: downstairs
D:9 !wandering: joseph, maurice (w cloak), polar bear, come back for cloak, Joseph; Maurice
D:10 lair, ugly thing wandering care
Lair:2 exclusions: fungus, hydra, spiny frog and 8 more exclusions


Innate Abilities, Weirdness & Mutations

You do not eat or drink.
Your flesh is vulnerable to fire.
You are immune to poison.
Your flesh is cold resistant.
You are immune to negative energy.
You are immune to unholy pain and torment.
You can survive without breathing.


Message History

The blink frog misses you.
You miss the blink frog.
The blink frog is moderately wounded.
The blink frog barely misses you. You block the blink frog's attack.
You punch the blink frog!
The blink frog is severely wounded.
The blink frog hits you!!
* * * LOW HITPOINT WARNING * * *
The blink frog blinks!
Read which item? (? for menu, Esc to quit)
As you read the scroll of fear, it crumbles to dust.
You assume a fearsome visage.
The scorpion looks frightened!
The blink frog resists with some effort.
The blink frog looks frightened!
The blink frog gives a loud, deep croak!
The blink frog looks frightened!
The blink frog blinks! x2
Unknown command.
Cornered, the scorpion turns to fight!
Unknown command.
Read which item? (? for menu, Esc to quit)
Okay, then.
The blink frog blinks!
A water moccasin comes into view.
The water moccasin hisses angrily.
The blink frog blinks!
Unknown command.
Unknown command.
The blink frog blinks!
The blink frog closely misses you.
A spiny frog comes into view.
Read which item? (? for menu, Esc to quit)
Blink to where?
Press: ? - help, Dir - move target cursor You are very lightly contaminated with residual magic.
As you read the scroll of blinking, it crumbles to dust.
Read which item? (? for menu, Esc to quit)
Okay, then.
Read which item? (? for menu, Esc to quit)
Okay, then.
The water moccasin bites you!
You die...

#......(..##...P#
#.##.......#...#
#.##§.....##...#
#F#...s...F....#
#.##......##...## .
##.##..##.###..r.#P.
#..#..##.###.........
##..$................
#.....F.s.S@........
#...§...............
#...................
#..............#.##.
#...##..###....###
#..#...........#
#..#......#....#
#.........#.....
...#........


You could see a blink frog, a water moccasin, a scorpion and a porcupine
(wandering).

Vanquished Creatures
  A cyclops (D:7)
  A rime drake (Lair:1)
  A two-headed ogre (D:8)
  A wyvern (D:8)
  7 yaks
  4 hippogriffs
  Menkaure (D:6)
  A water moccasin (Lair:2)
  A porcupine (Lair:2)
  A black bear (D:8)
  5 wasps (D:8)
  2 phantoms
  A necrophage (D:7)
  6 ice beasts
  A swamp drake (D:10)
  5 ogres
  2 wolves (D:9)
  4 centaurs
  7 crocodiles
  A big kobold (D:8)
  14 giant frogs
  2 water moccasin zombies (Ossuary)
  3 scorpions
  4 killer bees
  5 wights (D:7)
  A howler monkey (D:5)
  4 hounds
  A centaur skeleton (D:10)
  3 jellies
  4 orc priests
  2 giant frog skeletons
  9 iguanas
  9 orc wizards
  5 worker ants
  4 big kobold zombies (Ossuary)
  2 mummies (Ossuary)
  16 gnolls
  A howler monkey skeleton (D:6)
  18 adders
  18 river rats
  5 shadow imps
  4 white imps (D:9)
  2 worker ant simulacra (D:9)
  An ufetubus (D:9)
  14 oozes
  8 adder zombies
  An adder skeleton (D:8)
  2 worms
  3 dart slugs
  19 giant geckos
  36 orcs
  7 ball pythons (Sewer)
  8 bats
  20 giant cockroaches
  16 goblins
  10 hobgoblins
  16 jackals
  8 quokkas
  14 giant newts
  4 gnoll zombies (Ossuary)
  2 hobgoblin zombies (Ossuary)
  20 kobolds
  4 kobold zombies (Ossuary)
  6 orc zombies (Ossuary)
  12 rats
420 creatures vanquished.

Vanquished Creatures (others)
  An adder skeleton (D:8)
  5 fungi
  6 plants
12 creatures vanquished.

Grand Total: 432 creatures vanquished

Notes
Turn   | Place    | Note
--------------------------------------------------------------
     0 | D:1      | Implojin the Mummy Monk began the quest for the Orb.
     0 | D:1      | Reached XP level 1. HP: 18/18 MP: 1/1
   249 | D:1      | Reached XP level 2. HP: 17/24 MP: 2/2
   772 | D:1      | Reached skill level 4 in Unarmed Combat
  1229 | D:1      | Reached XP level 3. HP: 12/29 MP: 3/3
  1876 | D:2      | Found a faded altar to an unknown god.
  2843 | D:2      | Reached XP level 4. HP: 20/35 MP: 4/4
  3919 | D:2      | Found a shimmering altar of Xom.
  4332 | D:2      | hmm
  4359 | D:3      | Reached skill level 5 in Unarmed Combat
  4832 | D:3      | Reached XP level 5. HP: 41/41 MP: 5/5
  7004 | D:4      | Reached skill level 6 in Unarmed Combat
  7140 | D:4      | Reached XP level 6. HP: 47/47 MP: 6/6
  8412 | D:4      | Reached skill level 4 in Fighting
  9141 | D:5      | Entered Level 5 of the Dungeon
  9173 | D:5      | Found a white marble altar of Elyvilon.
  9175 | D:5      | Found a radiant altar of Vehumet.
  9290 | D:5      | Noticed Sigmund
  9459 | D:5      | Found a glowing drain.
  9518 | Sewer    | Entered a sewer
  9616 | Sewer    | Reached skill level 5 in Fighting
  9778 | Sewer    | Reached XP level 7. HP: 56/56 MP: 7/7
 10620 | D:5      | Found a shadowy altar of Dithmenos.
 11012 | D:3      | Reached skill level 6 in Fighting
 11627 | D:6      | Noticed smilodon's ghost (novice MiFi)
 14166 | D:2      | Reached skill level 7 in Unarmed Combat
 14166 | D:2      | Reached XP level 8. HP: 28/65 MP: 8/8
 15229 | D:4      | Reached skill level 1 in Shields
 15346 | D:4      | asdfghjkl
 15346 | D:4      | ??almost dead
 15346 | D:4      | losing to a priest at XL8
 15346 | D:4      | just mumo things
 15346 | D:4      | this is the part where i should spend ?blink but i dont want to
 15800 | D:6      | Reached skill level 2 in Shields
 16045 | D:6      | hmm
 16045 | D:6      | i dont think rcorr is banned for this
 16050 | D:6      | Noticed Edmund
 16098 | D:6      | Noticed Menkaure
 16390 | D:6      | mummy v mummy cage match
 16390 | D:6      | round 1
 16416 | D:6      | ow
 16422 | D:6      | Killed Menkaure
 16422 | D:6      | Reached skill level 3 in Shields
 16936 | D:6      | Noticed Dowan
 17065 | D:7      | Reached skill level 4 in Shields
 17256 | D:7      | Reached skill level 5 in Shields
 17646 | D:7      | Reached skill level 7 in Fighting
 17937 | D:7      | Reached skill level 3 in Dodging
 17937 | D:7      | Reached XP level 9. HP: 56/72 MP: 9/9
 18330 | D:6      | Noticed Duvessa
 18848 | D:7      | Reached skill level 4 in Dodging
 19152 | D:8      | Found a sand-covered staircase.
 19159 | Ossuary  | Entered an ossuary
 19567 | Ossuary  | Reached skill level 5 in Dodging
 21197 | D:8      | pls
 21397 | D:8      | Found an ancient bone altar of Kikubaaqudgha.
 21444 | D:8      | Found a stormy altar of Qazlal.
 21916 | D:8      | Reached skill level 8 in Unarmed Combat
 21920 | D:8      | gud
 22902 | D:8      | Reached XP level 10. HP: 51/79 MP: 10/10
 23320 | D:8      | Reached skill level 9 in Unarmed Combat
 24450 | D:9      | Noticed Joseph
 24459 | D:10     | Entered Level 10 of the Dungeon
 24812 | D:8      | Reached skill level 8 in Fighting
 25144 | D:7      | Noticed a cyclops
 25537 | D:7      | Killed a cyclops
 25537 | D:7      | Reached skill level 6 in Dodging
 26111 | D:8      | Reached skill level 7 in Dodging
 27164 | D:10     | Noticed a brown ugly thing
 27845 | D:9      | Reached skill level 10 in Unarmed Combat
 27861 | D:9      | Noticed Maurice
 27962 | D:10     | Noticed a purple ugly thing
 28055 | D:10     | webtiles laggggggggggggg
 28317 | D:8      | Noticed a hill giant
 29409 | D:10     | Reached XP level 11. HP: 87/87 MP: 11/11
 29423 | D:10     | Found a staircase to the Lair.
 29457 | Lair:1   | Entered Level 1 of the Lair of Beasts
 29788 | Lair:1   | Reached skill level 9 in Fighting
 30705 | Lair:2   | Noticed a five-headed hydra
 32568 | Lair:1   | HP: 4/89 [blink frog (18)]
 32583 | Lair:1   | Slain by a water moccasin

Skill      XL: |  1  2  3  4  5  6  7  8  9 10 11 |
---------------+----------------------------------+-----
Unarmed Combat | 4 5 6 7 8 10 | 10.0
Fighting       | 5 6 7 8 9 |  9.0
Shields        | 5 |  5.0
Dodging        | 3 5 7 |  7.9
Stealth        | |  1.5

Action                   |  1- 3 |  4- 6 |  7- 9 | 10-12 || total
-------------------------+-------+-------+-------+-------++-------
Melee: Unarmed           |   177 |   454 |   986 |   762 ||  2379
       Punch             |     2 |       |       |       ||     2
  Use: Scroll            |       |    13 |     4 |     9 ||    26
 Stab: Sleeping          |     1 |    14 |    12 |     2 ||    29
       Distracted        |       |     1 |     3 |     2 ||     6
Armor: Skin              |       |    34 |    65 |    51 ||   150
Dodge: Dodged            |   121 |   121 |   236 |   277 ||   755
Block: Large shield      |       |   160 |   506 |   565 ||  1231

Table legend:
 A = Turns spent in this place as a percentage of turns spent in the entire game.
 B = Non-inter-level travel turns spent in this place as a percentage of non-inter-level travel turns spent in the entire game.
 C = Inter-level travel turns spent in this place as a percentage of turns spent in this place.
 D = Turns resting spent in this place as a percentage of non-inter-level travel turns spent in this place.
 E = Turns spent auto-exploring this place as a percentage of non-inter-level travel turns spent in this place.
 F = Non-inter-level travel turns spent in this place divided by the number of levels of this place that you've seen.
                   A       B       C       D       E      F
               +-------+-------+-------+-------+-------+----------------------
         Total | 100.0 | 100.0 |   0.2 |   2.6 |   0.9 | 1125.6
       Dungeon |  82.2 |  82.1 |   0.2 |   2.6 |   1.1 | 1294.3
          Lair |  11.7 |  11.8 |   0.0 |   2.8 |   0.1 | 926.5
         Sewer |   4.2 |   4.2 |   0.0 |   2.4 |   0.0 | 667.0
       Ossuary |   1.9 |   1.9 |   0.0 |   2.7 |   0.0 | 295.0
               +-------+-------+-------+-------+-------+----------------------

Table legend:
 A = Kills in this place as a percentage of kills in entire the game.
 B = Kills by you in this place as a percentage of kills by you in the entire game.
 C = Kills by friends in this place as a percentage of kills by friends in the entire game.
 D = Other kills in this place as a percentage of other kills in the entire game.
 E = Experience gained in this place as a percentage of experience gained in the entire game.
 F = Experience gained in this place divided by the number of levels of this place that you have seen.
                   A       B       C       D       E      F
               +-------+-------+-------+-------+-------+----------------------
         Total | 100.0 | 100.0 |  -nan |  -nan | 100.0 | 954.2
       Dungeon |  71.9 |  71.9 |  -nan |  -nan |  77.7 | 1038.4
          Lair |   8.6 |   8.6 |  -nan |  -nan |  17.9 | 1193.0
         Sewer |  12.1 |  12.1 |  -nan |  -nan |   1.8 | 242.0
       Ossuary |   7.4 |   7.4 |  -nan |  -nan |   2.6 | 347.0
               +-------+-------+-------+-------+-------+----------------------
